 Dungeon Crawl Stone Soup version 0.31.0-32-g396128a36d (webtiles) character file.

Game seed: 16316507955392915116

132 spaghetti the Caller (level 4, 21/21 HPs)
             Began as a Felid Summoner on Mar 11, 2024.
             Quit the game on level 3 of the Dungeon.
             The game lasted 00:05:56 (3168 turns).

spaghetti the Caller (Felid Summoner)               Turns: 3168, Time: 00:05:57

Health: 21/21      AC:  1    Str:  4    XL:     4   Next: 92%
Magic:  10/10      EV: 17    Int: 20    God:
Gold:   126        SH:  0    Dex: 17    Spells: 4/10 levels left
                                        Lives:  1   Deaths: 1

rFire   . . .        (weapon unavailable)
rCold   . . .        (shield unavailable)
rNeg    . . .        (body armour unavailable)
rPois   .            (helmet unavailable)
rElec   .            (cloak unavailable)
rCorr   .            (gloves unavailable)
SInv    +            (boots unavailable)
Will    .....        (no amulet)
Stlth   ++           (no ring)
HPRegen 0.23/turn    (no ring)
MPRegen 0.12/turn

%: no passive effects
@: inugami summoned
A: very small, claws 1, fangs 3, see invisible, shaggy fur 1, stealthy paws, no
weapons or thrown items, no armour, multi-lived
a: no special abilities


You were on level 3 of the Dungeon.
You visited 1 branch of the dungeon, and saw 3 of its levels.

You collected 126 gold pieces.

Inventory:

Scrolls
 b - 2 scrolls of teleportation {unknown}
 d - a scroll of summoning {unknown}
 e - 2 scrolls of enchant weapon {unknown}
 f - 2 scrolls of enchant armour {unknown}
 g - a scroll of fear {unknown}
 h - a scroll of revelation
 k - a scroll of amnesia {unknown}
 l - a scroll of vulnerability {unknown}
 m - a scroll of silence {unknown}
 n - 2 scrolls of identify {unknown}
Potions
 a - a potion of magic
 c - a potion of heal wounds {unknown}
 i - a potion of lignification {unknown}
 j - a potion of curing {unknown}


   Skills:
 - Level 2.6 Dodging
 - Level 2.6 Stealth
 + Level 3.6 Spellcasting
 + Level 5.2 Summonings


You had 4 spell levels left.
You knew the following spells:

 Your Spells              Type           Power      Damage    Failure   Level
a - Summon Small Mammal   Summ           96%        N/A       1%          1
b - Call Imp              Summ           48%        N/A       2%          2
c - Call Canine Familiar  Summ           24%        N/A       4%          3

Your spell library contained the following spells:

 Spells                   Type           Power      Damage    Failure   Level
 Dazzling Flash           Conj/Hex       6%         N/A       38%         3
 Mephitic Cloud           Conj/Alch/Air  3%         N/A       38%         3
 Summon Blazeheart Golem  Fire/Summ      14%        N/A       41%         4
 Summon Lightning Spire   Summ/Air       14%        N/A       41%         4
 Curse of Agony           Necr           3%         N/A       98%         5
 Silence                  Hex/Air        1%         N/A       98%         5


Dungeon Overview and Level Annotations

Branches:
Dungeon (3/15)

Altars:


Innate Abilities, Weirdness & Mutations

You have sharp claws.
You have razor-sharp teeth.
You have supernaturally acute eyesight. (SInv)
You are covered in fur. (AC +1)
Your paws help you pounce on unaware monsters.
You are incapable of wielding weapons or throwing items.
You cannot wear armour.
You gain extra lives every three experience levels.


Message History

The rat squeaks loudly.
The orc wizard gestures wildly while chanting.
The orc wizard flickers and vanishes for a moment.
Casting: Call Canine Familiar (quite dangerous; 4% risk of failure)
Confirm with . or Enter, or press ? or * to list all spells.
A tiny devil pulls itself out of the air.
Casting: Call Imp (safe; 2% risk of failure)
Confirm with . or Enter, or press ? or * to list all spells.
You call for your canine familiar and it appears with a howl!
The orc priest calls down the wrath of Beogh upon you.
Beogh smites you!
Ouch! That really hurt!
* * * LOW HITPOINT WARNING * * *
Your cerulean imp hits the rat from afar with a -2 spear.
The rat dies!
Your magical contamination has completely faded away.
Your inugami misses the orc wizard.
The orc wizard gestures at you while chanting.
Your cerulean imp easily resists.
The orc wizard gestures at you while chanting.
Your cerulean imp easily resists.
Your inugami closely misses the orc wizard.
Casting: Call Canine Familiar (quite dangerous; 4% risk of failure)
Confirm with . or Enter, or press ? or * to list all spells.
You swap places.
The orc wizard hits your bat with a +0 dagger.
Your bat barely misses the orc wizard.
Your bat hits the orc wizard but does no damage.
The orc wizard points at you and mumbles some strange words.
The puff of flame hits your bat.
Your bat dies!
Your bat's corpse disappears in a puff of smoke!
The orc wizard casts a spell at you.
The puff of flame misses your cerulean imp.
The puff of flame hits you!
You die...
You rejoin the land of the living...
Unknown command.
Unknown command.
Are you sure you want to abandon this character and quit the game? (Confirm with "yes".)

##++#
#@..#
#....###
#..####
#. #


There were no monsters in sight!

Vanquished Creatures
  A giant cockroach (D:1)
  A kobold (D:1)
  A ball python (D:1)
3 creatures vanquished.

Vanquished Creatures (collateral kills)
  A bombardier beetle (D:3)
  Terence (D:2)
  A gnoll (D:1)
  An adder (D:2)
  2 ribbon worms
  An orc (D:2)
  4 bats
  2 endoplasms
  4 giant cockroaches
  2 goblins
  4 hobgoblins
  5 jackals (D:2)
  3 quokkas
  3 ball pythons
  A frilled lizard (D:1)
  4 kobolds
  5 rats
44 creatures vanquished.

Grand Total: 47 creatures vanquished

Notes
Turn   | Place    | Note
-------+----------+-------------------------------------------
     0 | D:1      | spaghetti the Felid Summoner began the quest for the Orb.
     0 | D:1      | Reached XP level 1. HP: 9/9 MP: 4/4
   283 | D:1      | Reached XP level 2. HP: 7/13 MP: 3/6
   286 | D:1      | Learned a level 2 spell: Call Imp
   950 | D:1      | Reached XP level 3. HP: 16/16 MP: 5/8
   954 | D:1      | Learned a level 3 spell: Call Canine Familiar
  1691 | D:2      | Noticed Terence
  1698 | D:2      | Killed Terence
  1813 | D:2      | Reached XP level 4. HP: 21/21 MP: 1/9
  1813 | D:2      | Gained a life (2 lives remaining)
  2231 | D:2      | Reached skill level 5 in Summonings
  3148 | D:3      | HP: 1/21 [orc priest/divine providence (12)]
  3167 | D:3      | Killed from afar by an orc wizard
  3167 | D:3      | Lost a life (1 life remaining)
  3168 | D:3      | Quit the game

Illustrated notes

Levels and vault maps discovered:
D:1:      lightli_arrival_maybe_door_vault, layout_basic, minmay_vboxes
D:2:      layout_rooms, chequers_serial_rivers_small_3, serial_bayou_pond_c,
          kennysheep_generic_room_8, uniq_terence
D:3:      layout_rooms, mainiacjoe_overflow_big_doors, corexii_hall_statues_i,
          kennysheep_generic_room_6

Skill      XL: |  1  2  3  4 |
---------------+-------------+-----
Spellcasting   | 3 |  3.6
Summonings     | 5 |  5.2
Dodging        | |  2.6
Stealth        | |  2.6

Action                     |  1- 3 |  4- 6 || total
---------------------------+-------+-------++-------
  Melee: Unarmed           |     9 |     3 ||    12
         Bite              |     1 |       ||     1
   Cast: Summon Small Mamm |    39 |     8 ||    47
         Call Imp          |    19 |    15 ||    34
         Call Canine Famil |     6 |    14 ||    20
    Use: Scroll            |     1 |       ||     1
 Armour: Skin              |     5 |     3 ||     8
  Dodge: Dodged            |    18 |    10 ||    28
